 Dungeon Crawl Stone Soup version 0.21-a0-404-g291f19a (webtiles) character file.

851 FerrousOx the Ducker (level 7, -1/35 HPs)
             Began as a Spriggan Enchanter on Oct 31, 2017.
             Shot with an arrow by a centaur (12 damage)
             ... on level 5 of the Dungeon.
             The game lasted 00:22:15 (8655 turns).

FerrousOx the Ducker (Spriggan Enchanter)           Turns: 8655, Time: 00:22:16

Health: -1/35      AC:  3    Str:  4    XL:     7   Next: 69%
Magic:  1/14       EV: 22    Int: 18    God:
Gold:   141        SH:  0    Dex: 17    Spells: 8/14 levels left

rFire    . . .     SeeInvis +   w - +1 dagger (speed)
rCold    . . .     Gourm    .   (shield restricted)
rNeg     . . .     Faith    .   b - +0 robe
rPois    .         Spirit   .   (helmet restricted)
rElec    .         Reflect  .   v - +0 cloak
rCorr    .         Harm     .   (gloves unavailable)
MR       ++...                  (boots unavailable)
Stlth    +++.......             (no amulet)
HPRegen  0.11/turn              o - ring of protection from magic
MPRegen  0.14/turn              (no ring)

@: very quick
A: unfitting armour, see invisible, herbivore 3, speed 3, slow metabolism 2
a: no special abilities


You were on level 5 of the Dungeon.
You were not hungry.

You visited 1 branch of the dungeon, and saw 5 of its levels.

You collected 141 gold pieces.

Inventory:

Hand Weapons
 a - a +1 dagger
 w - a +1 dagger of speed (weapon)
Missiles
 g - 19 poisoned needles
 l - 100 stones (quivered)
Armour
 b - a +0 robe (worn)
 v - a +0 cloak (worn)
Jewellery
 o - a ring of protection from magic (left hand)
Wands
 u - a wand of polymorph (14/24)
Scrolls
 f - a scroll of enchant weapon {unknown}
 m - 2 scrolls of teleportation
 n - a scroll of remove curse
 q - 3 scrolls of amnesia {unknown}
 s - a scroll of enchant armour {unknown}
 t - a scroll of fear {unknown}
Potions
 e - a potion of ambrosia {unknown}
 h - 2 potions of resistance
 i - a potion of magic {unknown}
 j - a potion of lignification {unknown}
 k - 2 potions of heal wounds {unknown}
 x - a potion of invisibility {unknown}
Books
 c - a book of Maledictions

   Spells                             Type                      Level
   a - Corona                         Hexes                        1
   b - Ensorcelled Hibernation        Hexes/Ice                    2
   c - Confuse                        Hexes                        3
   d - Tukima's Dance                 Hexes                        3
   e - Dazzling Spray                 Conjuration/Hexes            3
Comestibles
 d - 2 bread rations
 p - a royal jelly
 r - a fruit


   Skills:
 * Level 2.9 Fighting
 + Level 5.2 Short Blades
 * Level 6.7 Dodging
 + Level 4.6 Stealth
 - Level 4.3 Spellcasting
 - Level 5.0 Hexes
 - Level 1.0 Ice Magic


You had 8 spell levels left.
You knew the following spells:

 Your Spells              Type           Power        Failure   Level  Hunger
a - Corona                Hex            ###....      1%          1    None
b - Ensorcelled Hibernat  Hex/Ice        ##....       6%          2    ##.....
c - Tukima's Dance        Hex            ###.....     5%          3    ###....


Dungeon Overview and Level Annotations

Branches:
Dungeon (5/15)
 Temple: D:4-7

Altars:
Elyvilon
Gozag
Uskayaw

Shops:
D:4 [

Annotations:
D:5 2 transporters


Innate Abilities, Weirdness & Mutations

You are very small and have problems with some larger weapons.
You are too small for most types of armour.
You have supernaturally acute eyesight. (SInv)
You are a herbivore.
You cover ground extremely quickly.
You need consume almost no food.


Message History

Aim: a centaur (lightly wounded, not susceptible)
The centaur is unaffected.
The centaur closely misses you.
Casting: Ensorcelled Hibernation
Confirm with . or Enter, or press ? or * to list all spells.
Aiming: Ensorcelled Hibernation
Press: ? - help, Shift-Dir - straight line, f/p - centaur
Aim: a centaur (lightly wounded, not susceptible)
The centaur is unaffected.
The centaur barely misses you. The centaur hits you.
* * * LOW HITPOINT WARNING * * *
The centaur completely misses you.
You see here an arrow.
Casting: Ensorcelled Hibernation
Confirm with . or Enter, or press ? or * to list all spells.
Aiming: Ensorcelled Hibernation
Press: ? - help, Shift-Dir - straight line, f/p - centaur
Aim: a centaur (lightly wounded, not susceptible)
The centaur is unaffected.
The centaur closely misses you.
The centaur wields an uncursed shortbow.
The centaur shoots an arrow.
The arrow hits you!
You die...

.##.....#...............#
........#...............#
........#......#........#
........#......#........#
###########..###.########
...............#.#
...............#.#
)..............#.#
...............#@#
...............#.#
...............#c#
......##########(#
########.((..((..#
#...c.######### #.....
#..... #.....


You could see a centaur.

Vanquished Creatures
  2 ogres
  2 scorpions (D:5)
  A bullfrog zombie (D:5)
  A hound (D:4)
  An orc priest (D:5)
  3 orc wizards (D:5)
  Crazy Yiuf (D:3)
  A bullfrog skeleton (D:5)
  An iguana (D:4)
  6 worker ants
  A worker ant zombie (D:5)
  Robin (D:3)
  3 adders
  An ooze (D:4)
  An adder zombie (D:3)
  A worm (D:2)
  3 dart slugs
  6 leopard geckos
  18 orcs
  6 giant cockroaches
  11 goblins
  9 hobgoblins
  9 kobolds
  A quokka (D:5)
  A ball python (D:1)
  7 bats
  5 frilled lizards
  A jackal skeleton (D:4)
  A quokka skeleton (D:4)
  4 rats (D:1)
  2 fungi (D:3)
111 creatures vanquished.

Vanquished Creatures (collateral kills)
  2 orcs
  A hobgoblin (D:3)
3 creatures vanquished.

Vanquished Creatures (others)
  4 dancing weapons
4 creatures vanquished.

Grand Total: 118 creatures vanquished

Notes
Turn   | Place    | Note
-------+----------+-------------------------------------------
     0 | D:1      | FerrousOx the Spriggan Enchanter began the quest for the Orb.
     0 | D:1      | Reached XP level 1. HP: 9/9 MP: 5/5
   591 | D:1      | Reached XP level 2. HP: 14/14 MP: 6/6
  1081 | D:1      | Learned a level 2 spell: Ensorcelled Hibernation
  1952 | D:2      | Reached skill level 1 in Fighting
  2008 | D:2      | Reached XP level 3. HP: 15/18 MP: 0/8
  2823 | D:2      | Reached XP level 4. HP: 20/22 MP: 4/9
  3203 | D:3      | Found a faded altar of an unknown god.
  3549 | D:2      | Learned a level 3 spell: Tukima's Dance
  3828 | D:3      | Noticed Robin
  3831 | D:3      | Killed Robin
  4448 | D:3      | Reached skill level 1 in Ice Magic
  4948 | D:3      | Found a runed door.
  4952 | D:3      | Noticed Crazy Yiuf
  4956 | D:3      | Killed Crazy Yiuf
  4956 | D:3      | Reached XP level 5. HP: 26/26 MP: 11/11
  5545 | D:4      | Found a hide-covered altar of Uskayaw.
  5546 | D:4      | Found an opulent altar of Gozag.
  5720 | D:4      | Found a white marble altar of Elyvilon.
  5767 | D:4      | Found Urigam's Armour Boutique.
  5917 | D:4      | Found a white marble altar of Elyvilon.
  6045 | D:4      | Reached skill level 5 in Hexes
  6139 | D:4      | Noticed an ogre
  6153 | D:4      | Killed an ogre
  6153 | D:4      | Reached skill level 4 in Dodging
  6153 | D:4      | Reached XP level 6. HP: 30/30 MP: 0/13
  6481 | D:5      | Entered Level 5 of the Dungeon
  6517 | D:5      | Found a transporter.
  6537 | D:5      | Reached skill level 5 in Dodging
  7112 | D:5      | Reached XP level 7. HP: 34/35 MP: 5/14
  7161 | D:5      | Found a transporter.
  7165 | D:5      | Noticed a fire bat
  7368 | D:5      | Reached skill level 6 in Dodging
  8013 | D:5      | Reached skill level 5 in Short Blades
  8655 | D:5      | Shot with an arrow by a centaur

Vault maps used:
D:1:      scummos_arrival_star
D:2:      minmay_octomino_e4
D:3:      chequers_ecumenical_altar_simple, uniq_robin, uniq_crazy_yiuf_cottage
D:4:      gammafunk_temple_overflow_forgotten, serial_shops,
          nicolae_shop_behind_doors, elyvilon_altar_4
D:5:      gammafunk_cloud_chamber, serial_co_window_serial, co_window_cross_1,
          co_window_paths_a, co_window_paths_b, co_window_cross_1,
          co_window_corner_a, co_window_corner_ca, co_window_corner_cb,
          co_window_broadway_c, co_window_corner_b, co_window_4corner_b,
          glass_columns_a, glass_columns_a, glass_columns_b, glass_columns_b,
          glass_columns_a, first_bread

Skill      XL: |  1  2  3  4  5  6  7 |
---------------+----------------------+-----
Hexes          | 4 5 |  5.0
Spellcasting   | 3 4 |  4.3
Fighting       | 1 2 |  2.9
Short Blades   | 2 3 4 5 |  5.2
Ice Magic      | 1 |  1.0
Dodging        | 4 5 6 |  6.7
Stealth        | |  4.6

Action                   |  1- 3 |  4- 6 |  7- 9 || total
-------------------------+-------+-------+-------++-------
Melee: Dagger            |   155 |   352 |    83 ||   590
 Cast: Ensorcelled Hiber |    33 |    60 |    44 ||   137
       Tukima's Dance    |       |    10 |     3 ||    13
  Use: Scroll            |       |     5 |       ||     5
 Stab: Sleeping          |    25 |    36 |    16 ||    77
  Eat: Fruit             |       |     3 |       ||     3
       Bread ration      |       |     1 |     1 ||     2
Armor: Robe              |    16 |    11 |     5 ||    32
Dodge: Dodged            |   134 |   126 |    53 ||   313

Table legend:
 A = Spawn XP
 B = Non-spawn XP
 C = Spawn XP percentage of total XP
 D = Spawn monster count
 E = Non-spawn monster count
 F = Spawn count percentage of total count
 G = Total turns spent on level
                    A         B        C        D         E        F      G
               +---------+---------+-------+---------+---------+-------+---------
         Total |       0 |    1217 |   0.0 |       0 |     112 |   0.0 |  8655
               +---------+---------+-------+---------+---------+-------+---------
           D:1 |       0 |      35 |   0.0 |       0 |      22 |   0.0 |  1937
           D:2 |       0 |      72 |   0.0 |       0 |      24 |   0.0 |  1467
           D:3 |       0 |     122 |   0.0 |       0 |      26 |   0.0 |  1995
           D:4 |       0 |     325 |   0.0 |       0 |      14 |   0.0 |  1082
           D:5 |       0 |     663 |   0.0 |       0 |      26 |   0.0 |  2174
               +---------+---------+-------+---------+---------+-------+---------
